 Dungeon Crawl Stone Soup version 0.31-a0-360-gb3e1d13bf4 (webtiles) character file.

Game seed: 11660375296386685866

159 lunkers the Insei (level 6, -2/47 HPs)
             Began as a Meteoran Shapeshifter on July 26, 2023.
             Was an Initiate of Gozag.
             Slain by a gnoll
             ... wielding a +0 whip
              (4 damage)
             ... on level 4 of the Dungeon.
             The game lasted 00:03:26 (1077 turns).

lunkers the Insei (Meteoran Shapeshifter)           Turns: 1077, Time: 00:03:26

Health: -2/47      AC:  5    Str: 16    XL:     6   Next: 0%
Magic:  7/7        EV: 11    Int: 11    God:    Gozag
Gold:   161        SH:  0    Dex: 16    Spells: 5/5 levels left

rFire   . .          .
                       - Unarmed
rCold   . . .        (no shield)
rNeg    . . .        h - +0 ring mail
rPois   .            (helmet currently unavailable)
rElec   .            (cloak currently unavailable)
rCorr   .            (gloves currently unavailable)
SInv    .            (boots currently unavailable)
Will    .....        f - amulet of regeneration
Stlth   +            (no ring)
HPRegen 1.07/turn    (no ring)
MPRegen 0.10/turn

%: no passive effects
@: beast-form, gold aura, glowing
A: beast (slay +2), sense surroundings 1, otherworldly, glowing, explore regen
a: Begin Untransformation, Renounce Religion, Potion Petition, Call Merchant,
Bribe Branch


You were on level 4 of the Dungeon.
You worshipped Gozag.
Gozag was aware of your devotion.
You were a hulking beast.
You visited 1 branch of the dungeon, and saw 4 of its levels.

You collected 204 gold pieces.
You paid 43 gold pieces to Gozag.

Inventory:

Armour
 h - a +0 ring mail (worn)
Jewellery
 f - an amulet of regeneration (around neck)
Talismans
 c - a beast talisman
Wands
 g - a wand of polymorph (10)
Scrolls
 a - a scroll of identify {unknown}
 d - a scroll of teleportation
Potions
 b - 2 potions of lignification
 e - a potion of heal wounds {unknown}
 i - 2 potions of magic {unknown}
 j - a potion of haste {unknown}


   Skills:
 - Level 1.1 Fighting
 - Level 2.4 Dodging
 + Level 7.1 Unarmed Combat
 - Level 3.6 Shapeshifting


You had 5 spell levels left.
You didn't know any spells.
Your spell library contained the following spells:

 Spells                   Type           Power      Damage    Failure   Level
 Ignite Poison            Fire/Tmut/Pois 0%         N/A       90%         3
 Volatile Blastmotes      Fire/Tloc      0%         2d10      90%         3
 Fulminant Prism          Conj/Hex       0%         3d5       100%        4
 Iskenderun's Mystic Bla  Conj/Tloc      0%         2d3       100%        4
 Sticky Flame             Conj/Fire      0%         2d3       100%        4
 Ignition                 Fire           0%         3d3       100%        8


Dungeon Overview and Level Annotations

Branches:
Dungeon (4/15) Zot: 1334
 Temple: D:4-7

Altars:
Gozag
Nemelex Xobeh
Qazlal
Uskayaw

Shops:
D:3 [   D:4 [


Innate Abilities, Weirdness & Mutations

You are a hulking beast.
Your limbs bulge with bestial killing power. (Slay +2)
You passively map a small area around you.
You are easily found by Zot.
You glow in the dark.
You regain HP and MP as you explore.


Message History

A gnoll comes into view. It is wielding a +0 whip.
There is an open door here.
The gnoll attacks as you move away! The gnoll hits you with a +0 spear.
* * * LOW HITPOINT WARNING * * *
The gnoll hits you from afar with a +0 spear.
* * * LOW HITPOINT WARNING * * *
There is a shaft, spattered with blood here.
The gnoll falls through a shaft!
The shaft crumbles and collapses.
There is an entrance to Hoqual's Antique Armour Boutique here.
The gnoll hits you with a +0 whip.
* * * LOW HITPOINT WARNING * * *
You closely miss the gnoll. You barely miss the gnoll.
The gnoll hits you but does no damage.
You hit the gnoll.
The gnoll is moderately wounded.
The gnoll closely misses you. The gnoll hits you with a +0 whip.
* * * LOW HITPOINT WARNING * * *
There is an open door here.
You barely miss the gnoll.
The gnoll is moderately wounded.
The gnoll hits you with a +0 whip.
* * * LOW HITPOINT WARNING * * *
The gnoll hits you with a +0 whip.
* * * LOW HITPOINT WARNING * * *
You punch the gnoll!
The gnoll is severely wounded.
The gnoll hits you with a +0 whip.
* * * LOW HITPOINT WARNING * * *
The gnoll hits you but does no damage.
You hit the gnoll.
You kill the gnoll!
The gnoll hits you with a +0 whip.
* * * LOW HITPOINT WARNING * * *
You have reached level 6!
You feel clever.
You hit the gnoll.
The gnoll is heavily wounded.
The gnoll hits you with a +0 whip.
You die...
Your body crumbles into a pile of gold.

*, #.# *, #.# #
*#.# #. #.# #.##.#
####g...#
,......$.# , #g#
*###h### * #...$.#
* ,* #.≈.≈.# , ,
###..∩§§# , *
####.#.§.≈§#* * *
* ####....#..§§§#
, .....##.###'###
, ,
..........#.####.#
*
########.........#


You could see a gnoll.

Vanquished Creatures
  5 adders
  7 gnolls
  A worm (D:3)
  A dart slug (D:3)
  An orc (D:3)
  2 ball pythons
  5 bats
  4 endoplasms
  3 giant cockroaches (D:2)
  3 goblins
  2 hobgoblins (D:1)
  5 quokkas
  3 frilled lizards
  2 kobolds
  3 rats
47 creatures vanquished.

Notes
Turn   | Place    | Note
-------+----------+-------------------------------------------
     0 | D:1      | lunkers the Meteoran Shapeshifter began the quest for the
                  | Orb.
     0 | D:1      | Reached XP level 1. HP: 16/16 MP: 2/2
    96 | D:1      | Reached skill level 4 in Unarmed Combat
    98 | D:1      | Reached XP level 2. HP: 23/23 MP: 3/3
   370 | D:2      | Reached XP level 3. HP: 28/28 MP: 4/4
   444 | D:2      | Found a stormy altar of Qazlal.
   454 | D:2      | Reached skill level 5 in Unarmed Combat
   460 | D:2      | Reached XP level 4. HP: 27/35 MP: 5/5
   551 | D:2      | Found a faded altar of an unknown god.
   597 | D:3      | Reached skill level 6 in Unarmed Combat
   609 | D:3      | Found a sparkling altar of Nemelex Xobeh.
   609 | D:3      | Found an opulent altar of Gozag.
   610 | D:3      | Found a hide-covered altar of Uskayaw.
   616 | D:3      | Became a worshipper of Gozag Ym Sagoz the Greedy
   625 | D:3      | Reached XP level 5. HP: 38/40 MP: 6/6
   826 | D:3      | Found Paikk's Antique Armour Shop.
  1033 | D:4      | Found Hoqual's Antique Armour Boutique.
  1057 | D:4      | Reached skill level 7 in Unarmed Combat
  1076 | D:4      | HP: 1/40 [gnoll/+0 whip (6)]
  1077 | D:4      | Reached XP level 6. HP: 1/47 MP: 7/7
  1077 | D:4      | Slain by a gnoll

Illustrated notes

Levels and vault maps discovered:
D:1:      nicolae_arrival_somewhat_less_tricky_arrival, layout_basic
D:2:      wad_woods_stonehenge, layout_basic, basic_ecumenical_altar,
          uniq_crazy_yiuf_cottage
D:3:      layout_rooms, gammafunk_temple_overflow_claw, serial_shops, shop
D:4:      layout_loops_ring, minitemple, serial_shops, kennysheep_little_box,
          hangedman_decor_growths, grunt_ministairs_13, minmay_misc_feat_alley,
          uniq_menkaure

Skill      XL: |  1  2  3  4  5 |
---------------+----------------+-----
Unarmed Combat | 4 5 6 7 |  7.1
Fighting       | |  1.1
Dodging        | |  2.4
Shapeshifting  | |  3.6

Action                     |  1- 3 |  4- 6 || total
---------------------------+-------+-------++-------
  Melee: Unarmed           |    46 |    64 ||   110
         Punch             |       |     2 ||     2
    Use: Scroll            |       |     3 ||     3
 Armour: Animal skin       |    12 |     3 ||    15
         Ring mail         |       |    12 ||    12
  Dodge: Dodged            |    25 |    28 ||    53

Table legend: (Time is in decaauts)
 A = Elapsed time spent in this place.
 B = Non-inter-level travel time spent in this place.
 C = Inter-level travel time spent in this place.
 D = Time resting spent in this place.
 E = Time spent auto-exploring this place.
 F = Levels seen in this place.
 G = Mean time per level.
                   A        B        C        D        E       F      G
               +--------+--------+--------+--------+--------+-----+--------+
         Total |   1064 |   1039 |     25 |      0 |    710 |   4 |  266.0 |
       Dungeon |   1064 |   1039 |     25 |      0 |    710 |   4 |  266.0 |
               +--------+--------+--------+--------+--------+-----+--------+

Top non-repeatable levels by time:
     D:3: 419 daAuts
     D:2: 357 daAuts
     D:1: 208 daAuts
     D:4: 79 daAuts
